[Event "XXII Obert Internacional d'Escacs Sant Marti 2022"]
[Site "Barcelona, Spain"]
[Date "2022.07.20"]
[Round "8.1"]
[White "Diermair, Andreas"]
[Black "Pena Gomez, Manuel"]
[Result "0-1"]
[TimeControl "1.30 fb 30"]
[WhiteElo "2452"]
[BlackElo "2492"]

1. d4 Nf6 2. c4 g6 3. Nc3 Bg7 4. e4 d6 5. Nf3 O-O 6. Be2 e5 7. Be3 exd4 8. Nxd4 Re8 9. f3 c6 10. Bf2 d5 11. exd5 cxd5 12. O-O Nc6 13. c5 Nh5 14.
Qd2 Be5 15. g3 Ng7 16. Rfd1 a6 17. Bf1 Bxd4 18. Bxd4 Nf5 19. Bf2 d4 20. Ne4 Be6 21. Qf4 Bd5 22. Re1 Bxe4 23.
Rxe4 Rxe4 24. Qxe4 Qf8 25. Rc1 Re8 26.
Qd3 Ne3 27. Be2 Qh6 28. f4 Qh3 29.
Bf3 Ng4 30. Bxg4 Qxg4 31. Re1 Rxe1+ 32. Bxe1 Qe6 33. Bf2 Qxa2 34. b4 Qa1+ 35. Kg2 Qc3 36. Qe4 d3 37. f5 d2 38. Qd5 gxf5 0-1

[Event "XXII Obert Internacional d'Escacs Sant Marti 2022"]
[Site "Barcelona, Spain"]
[Date "2022.07.20"]
[Round "8.2"]
[White "Kovchan, Alexander"]
[Black "Aronyak, Ghosh"]
[Result "1/2-1/2"]
[TimeControl "1.30 fb 30"]
[WhiteElo "2468"]
[BlackElo "2486"]

1. e4 c6 2. d4 d5 3. e5 Bf5 4. Nf3 e6 5. Be2 c5 6. Be3 cxd4 7. Nxd4 Ne7 8. O-O Nbc6 9. Bb5 a6 10. Bxc6+ bxc6 11. c4 Qd7 12. Nc3 dxc4 13. Nxf5 Qxd1 14.
Nxd1 Nxf5 15. Rc1 O-O-O 16. Rxc4 Kb7 17. g4 Nh4 18. f4 h5 19. g5 1/2-1/2

[Event "XXII Obert Internacional d'Escacs Sant Marti 2022"]
[Site "Barcelona, Spain"]
[Date "2022.07.20"]
[Round "8.3"]
[White "Berdayes Ason, Dylan Isidro"]
[Black "Valenzuela Gomez, Fernando"]
[Result "1-0"]
[TimeControl "1.30 fb 30"]
[WhiteElo "2480"]
[BlackElo "2373"]

1. d4 d5 2. c4 e6 3. Nc3 Nf6 4. cxd5 exd5 5. Bg5 c6 6. e3 h6 7. Bh4 Be7 8. Bd3 O-O 9. Bg3 Bd6 10.
Nge2 Bxg3 11. Nxg3 Re8 12. O-O Nbd7 13. b4 a5 14. b5 c5 15. dxc5 Nxc5 16. Rc1 Bg4 17. Be2 Bxe2 18. Ngxe2 Nce4 19. Qd4 Rc8 20. Rfd1 Nxc3 21.
Rxc3 Qd7 22. Qa4 Rxc3 23. Nxc3 Rc8 24. Qb3 Rc5 25. h3 Qe6 26. Ne2 Qe4 27. Nd4 Qe7 28. Qd3 Qc7 29. Qf5 Rc1 30. Rxc1 Qxc1+ 31. Kh2 Qc7+ 32. g3 Kf8 33. Kg2 Ke7 34. Qd3 g6 35. Qa3+ Ke8 36.
Nb3 b6 37. Qb2 Qe7 38. Nd4 Ne4 39. Qe2 Nc5 40. Kh2 Qe4 41. Nc6 Kf8 42. Qb2 Kg8 43. Qf6 Nd3 44. Ne7+ Kf8 45. Nc8 Kg8 46.
Nd6 Qe6 47. Qxe6 fxe6 48. Nc8 Kf7 49. Nxb6 Ke7 50. Kg2 Kd6 51. Na4 Nb4 52. Nc3 e5 53. a3 Nc2 54. a4 Nb4 55. Kf3 Kc5 56.
Ke2 Kc4 57. Kd2 Kb3 58. b6 d4 59. exd4 exd4 60. Nb5 Na6 61. Nxd4+ Kxa4 62. b7 Nb8 63. Kc3 1-0

[Event "XXII Obert Internacional d'Escacs Sant Marti 2022"]
[Site "Barcelona, Spain"]
[Date "2022.07.20"]
[Round "8.4"]
[White "Asis Gargatagli, Hipolito"]
[Black "Lindh, Fredrik"]
[Result "1-0"]
[TimeControl "1.30 fb 30"]
[WhiteElo "2514"]
[BlackElo "2287"]

1. e4 c5 2. c3 g6 3. d4 cxd4 4. cxd4 d5 5. e5 Nc6 6. Nc3 Bg7 7. h3 Nh6 8. g4 f6 9. f4 fxe5 10.
fxe5 e6 11. Nf3 O-O 12. Bg2 Qb6 13. O-O Rxf3 14. Qxf3 Nxe5 15. Qe2 Qxd4+ 16. Be3 Qd3 17. Qf2 d4 18. Rad1 dxe3 19. Qe2 1-0

[Event "XXII Obert Internacional d'Escacs Sant Marti 2022"]
[Site "Barcelona, Spain"]
[Date "2022.07.20"]
[Round "8.5"]
[White "Barbero Sendic, Alejandro"]
[Black "Roshka, Yevgeniy"]
[Result "0-1"]
[TimeControl "1.30 fb 30"]
[WhiteElo "2326"]
[BlackElo "2497"]

1. e4 g6 2. d4 Bg7 3. Nf3 d6 4.
Be3 a6 5. c4 Bg4 6. Nc3 Nc6 7. d5 Ne5 8. Be2 Bxf3 9. gxf3 c5 10. dxc6 bxc6 11. Qa4 Qc8 12. c5 dxc5 13. f4 Nd7 14.
e5 Nh6 15. Bf3 O-O 16. Qxc6 Ra7 17. Qxc8 Rxc8 18. O-O-O Nf5 19. Rd2 Nf8 20. Bg4 f6 21. Bxf5 gxf5 22. exf6 Bxf6 23. Rd5 Ne6 24.
Rxf5 Rb7 25. Rg1+ Kh8 26. Nd1 Rcb8 27. Rg2 c4 28. Ra5 c3 29. bxc3 Rb1+ 30. Kc2 Ra1 31. Rxa6 Nc7 32. Ra4 Nb5 33. Bd4 Bxd4 34. cxd4 Rxd1 35. Kxd1 Nc3+ 36. Kc2 Nxa4 37. Kd3 Rb2 38. Ke4 Rxa2 39. Kf5 Re2 40. Rg3 Rxf2 41. Re3 Rd2 42. Rxe7 Rxd4 43. Ke5 Rd2 44. Kf6 Rd8 45. f5 Rf8+ 46. Kg5 Nb6 47. Kh6 Rf6+ 48. Kg5 Nd5 49. Rd7 h6+ 0-1

[Event "XXII Obert Internacional d'Escacs Sant Marti 2022"]
[Site "Barcelona, Spain"]
[Date "2022.07.20"]
[Round "8.6"]
[White "Narciso Dublan, Marc"]
[Black "Dahale, Atul"]
[Result "1-0"]
[TimeControl "1.30 fb 30"]
[WhiteElo "2461"]
[BlackElo "2162"]

1. e4 d6 2. d4 Nf6 3. Nc3 g6 4. Nf3 Bg7 5. Be2 O-O 6. O-O c6 7. a4 Nbd7 8. a5 Rb8 9. e5 Ne8 10.
Bf4 Qc7 11. exd6 Nxd6 12. h3 b5 13. axb6 axb6 14. Re1 Nf6 15. Bf1 Bb7 16. Ne5 Ra8 17. Qd3 Nd5 18. Nxd5 cxd5 19. Qb3 Rfe8 20.
Rxa8 Rxa8 21. h4 Qd8 22. h5 e6 23. Qh3 Nf5 24. c3 Ba6 25. Nc6 Qe8 26. Bxa6 Rxa6 27. Nb4 Ra5 28. g4 Ne7 29. Qh4 Ra7 30. Bg5 Bf8 31. Bf6 Qd7 32.
Nd3 Bg7 33. Bxg7 Kxg7 34. h6+ 1-0

[Event "XXII Obert Internacional d'Escacs Sant Marti 2022"]
[Site "Barcelona, Spain"]
[Date "2022.07.20"]
[Round "8.7"]
[White "Tanaka, Taira Tyler"]
[Black "D`costa, Lorin"]
[Result "0-1"]
[TimeControl "1.30 fb 30"]
[WhiteElo "2242"]
[BlackElo "2372"]

1. e4 c6 2. Nf3 d5 3. d3 g6 4. Qe2 Bg7 5. g3 e6 6. Bg2 Ne7 7. O-O c5 8. Re1 Nbc6 9. Nbd2 b6 10.
e5 h6 11. h4 Nf5 12. Nf1 Ba6 13. c3 Qc7 14. Bf4 O-O-O 15. Qd2 Kb8 16. b4 Bf8 17. Rab1 Bb7 18. a3 Ka8 19. Ne3 Nxe3 20.
Bxe3 Rc8 21. Rb2 d4 22. cxd4 cxd4 23. Nxd4 Nxd4 24. Bxb7+ Qxb7 25. Bxd4 g5 26. h5 Be7 27. Rc1 Rcd8 28.
Be3 Rd7 29. Rbc2 Rhd8 30. d4 f5 31. Rc6 f4 32. gxf4 gxf4 33. Bxf4 Bc5 34. Rd6 Rg8+ 35. Kf1 Bxd6 36. exd6 Qa6+ 37.
Qe2 Rg1+ 38. Kxg1 Qxe2 0-1

[Event "XXII Obert Internacional d'Escacs Sant Marti 2022"]
[Site "Barcelona, Spain"]
[Date "2022.07.20"]
[Round "8.9"]
[White "Sole Pijuan, Ferran"]
[Black "Noboa Silva, Kevin"]
[Result "0-1"]
[TimeControl "1.30 fb 30"]
[WhiteElo "2184"]
[BlackElo "2304"]

1. d4 e6 2. c4 Bb4+ 3. Bd2 a5 4. a3 Bxd2+ 5. Qxd2 d6 6. Nf3 Nf6 7. Nc3 O-O 8. g3 Nc6 9. d5 Nb8 10.
Bg2 e5 11. O-O a4 12. Qc2 Bd7 13. e4 Na6 14.
Ne1 Nc5 15. Nd3 Nb3 16. Rae1 c6 17. dxc6 Bxc6 18. c5 Nxc5 19. Nxc5 dxc5 20. Rd1 Qc7 21. Nd5 Bxd5 22. exd5 Qd6 23. Rfe1 Nd7 24. Rc1 f5 25.
Bh3 e4 26. f3 Ne5 27. fxe4 Nf3+ 28. Kg2 Nxe1+ 29. Rxe1 Qe5 30. Re2 Rae8 31. Qxa4 f4 32. Rd2 fxg3 33. hxg3 Qxe4+ 34. Qxe4 Rxe4 35. Be6+ Kh8 36. b4 cxb4 37. axb4 Rxb4 38. d6 Rb6 39. d7 Rd8 40. Rc2 Rc6 41. Rxc6 bxc6 42. Kf3 g6 43.
Ke4 Kg7 44. Ke5 c5 45. Kd6 Kf6 46. Bc4 h5 47. Bb5 g5 48. Kxc5 Ke7 49. Kd5 Rf8 50. Kc6 Kd8 51. Kd6 Rf3 52.
Be2 g4 0-1

[Event "XXII Obert Internacional d'Escacs Sant Marti 2022"]
[Site "Barcelona, Spain"]
[Date "2022.07.20"]
[Round "8.10"]
[White "Millaret Lores, Francesc"]
[Black "Perpinya Rofes, Lluis Maria"]
[Result "0-1"]
[TimeControl "1.30 fb 30"]
[WhiteElo "2106"]
[BlackElo "2297"]

1. e4 c5 2. Nf3 Nc6 3. d4 cxd4 4. Nxd4 Nf6 5. Nc3 e6 6. Bg5 Qa5 7. Bxf6 gxf6 8. Nb3 Qe5 9. Qf3 Bb4 10. O-O-O Bxc3 11. Qxc3 Qxc3 12. bxc3 b6 13. Nd4 Na5 14.
Nb5 Ke7 15. Nd6 Bb7 16. h4 Bc6 17. Ba6 Rhg8 18. Rhg1 Rg4 19. f3 Rxh4 20. Rd2 Rg8 21. Nc8+ Kd8 22. Nxa7 Kc7 23. Rgd1 Rd8 24. Nxc6 Nxc6 25. Rd6 Rh5 26. a4 Rc5 27. c4 Nb4 28.
Bb5 Nd5 29. Rxd7+ Rxd7 30. Bxd7 Ne3 31. Rd3 Nxc4 32. Bb5 Nd6 33. Ra3 Nxb5 34. axb5 Kb7 35. Rd3 Kc8 36. Rb3 h5 37. Kd2 Rg5 38. Rc3+ Kd7 39. Rd3+ Ke7 40.
Rc3 Rxg2+ 41. Ke1 h4 42. Kf1 Rg5 43. Rc8 Rxb5 44. Kg2 Rc5 45. Rxc5 bxc5 46. Kh3 Kd6 47. f4 c4 48. c3 Kc5 49.
Kxh4 Kb5 50. e5 fxe5 51. fxe5 Ka4 52. Kg5 Kb3 53. Kf6 Kxc3 54. Kxf7 Kd4 55. Kxe6 c3 56. Kf6 c2 57. e6 c1=Q 58.
e7 Qf4+ 59. Kg7 Qg5+ 60. Kf7 Qf5+ 61. Ke8 Kd5 62. Kd8 Qf6 63. Kd7 Qd6+ 64. Ke8 Ke6 0-1